Map: Kairos Junction LE

Players

gushersboy

  • Race: Terran Terran
  • League: Platinum
  • Spawn Location: 5:00

Parkkatz - Winner!

  • Race: Zerg Zerg
  • League: Platinum
  • Spawn Location: 11:00

VOD

Have the link to the VOD?

Description

Time

  • Played on: July 3, 2019, 8:35 p.m.
  • Length: 13:06
Show
View Real Time Build Order
Export as new Build Order

gushersboy Terran 

Build Orders: 2 Factory, Gas First Reaper Expand, Liberator Opening, Mech 

Get SALT Encoding   

  12  0:01  SCV  
  13  0:13  SCV  
  14  0:23  Supply Depot  
  14  0:25  SCV  
  15  0:30  Refinery  
  15  0:45  SCV  
  15  0:47  Barracks  
  16  0:57  SCV  
  17  1:09  SCV  
  18  1:21  SCV  
  19  1:34  Orbital Command  
  19  1:36  Reaper  
  20  1:52  Command Center  
  20  1:59  SCV  
  21  2:09  Factory  
  21  2:10  Barracks Reactor  
  21  2:17  SCV  
  21  2:20  Refinery  
  22  2:24  Supply Depot  
  22  2:48  SCV  
  23  3:00  Hellion  
  23  3:01  Hellion, SCV  
  23  3:04  Starport  
  28  3:07  Orbital Command  
  28  3:14  Factory  
  28  3:16  Engineering Bay  
  28  3:17  SCV  
  29  3:25  Hellion  
  31  3:28  Hellion  
  31  3:30  SCV  
  34  3:37  SCV  
  35  3:42  SCV  
  35  3:46  Hellion  
  38  3:49  Hellion  
  38  3:50  SCV  
  38  3:52  Supply Depot  
  40  3:57  Liberator, Factory Tech Lab  
  40  4:00  SCV  
  40  4:02  SCV  
  42  4:11  Widow Mine x2  
  49  4:19  SCV x2  
  51  4:25  Supply Depot, Siege Tank  
  52  4:42  SCV x2  
  54  4:47  Hellion x2  
  58  4:54  SCV  
  57  5:09  Liberator  
  49  5:25  Hellion x2  
  49  5:26  Siege Tank  
  59  5:28  SCV  
  59  5:29  SCV  
  61  5:36  Supply Depot  
  61  5:37  Supply Depot  
  61  5:40  Infernal Pre-Igniter, SCV  
  61  5:41  Command Center  
  62  5:44  Missile Turret  
  62  5:47  Missile Turret  
  62  5:57  SCV x2  
  62  5:59  Supply Depot  
  62  6:01  Liberator  
  64  6:09  SCV x2  
  66  6:13  Refinery  
  66  6:14  Refinery  
  69  6:19  Supply Depot  
  69  6:21  Supply Depot  
  69  6:22  Hellion x2, SCV x2  
  69  6:24  Hellion  
  77  6:34  Factory, SCV x2  
  79  6:46  SCV x2  
  81  6:48  Hellion x2  
  81  6:49  Siege Tank  
  88  6:55  Orbital Command  
  88  7:00  Command Center  
  88  7:13  SCV x2  
  90  7:19  Factory Reactor  
  90  7:21  Siege Tank, Orbital Command  
  90  7:22  Starport Reactor  
  93  7:29  Armory  
  93  7:31  Armory  
  93  7:34  Hellion  
  93  7:35  Hellion  
  97  7:42  Supply Depot  
  97  7:43  Supply Depot  
  97  7:53  Siege Tank  
  100  8:01  SCV x3  
  103  8:13  SCV x3  
  71  8:38  Hellion x2  
  71  8:39  Hellion x2, Siege Tank  
  71  8:40  Orbital Command  
  73  9:01  Hellion x4  
  81  9:04  Terran Vehicle Weapons Level 1, Terran Vehicle And Ship Armor Level 1  
  81  9:10  Viking x2  
  81  9:11  Siege Tank  
  81  9:12  Factory x2  
  81  9:14  Factory  
  83  9:26  Orbital Command  
  81  9:44  SCV  
  81  9:45  Orbital Command, SCV  
  83  9:51  Hellion x4  
  93  9:53  Siege Tank  
  93  9:56  Factory Reactor  
  93  9:57  Factory Reactor, Factory Tech Lab, SCV  
  95  10:01  Smart Servos  
  95  10:06  Viking  
  95  10:07  Viking  
  99  10:14  Starport  
  99  10:17  Starport  
  99  10:18  SCV x3  
  104  10:21  Hellion x2  
  104  10:22  Hellion x2, Siege Tank  
  107  10:28  SCV  
  107  10:30  SCV x3  
  107  10:43  SCV x3  
  107  10:46  Refinery  
  107  10:47  Refinery  
  107  10:49  Siege Tank  
  113  10:50  Hellion x4  
  113  10:51  Hellion x4  
  90  11:11  Orbital Command  
  79  11:23  Siege Tank x2  
  79  11:25  Hellion x6  
  96  11:26  Hellion x2  
  96  11:28  SCV x3  
  103  11:38  SCV  
  104  11:40  SCV x3  
  104  11:45  Starport Reactor x2  
  107  11:47  Starport Tech Lab  
  107  11:50  SCV  
  107  11:52  SCV  
  109  11:55  SCV x2, Fusion Core  
  109  12:00  Hellion x3  
  109  12:01  Hellion x3  
  123  12:02  SCV  
  123  12:04  SCV  
  74  12:32  Hellion  
  74  12:33  Hellion x6  
  74  12:34  Hellion, Siege Tank  
Show
View Real Time Build Order
Export as new Build Order

Parkkatz Zerg - Winner!

Build Orders: Hatch First 

Get SALT Encoding   

  12  0:02  Drone  
  13  0:13  Overlord  
  13  0:17  Drone  
  14  0:31  Drone x2  
  14  0:35  Drone  
  17  0:54  Hatchery  
  17  0:56  Drone  
  17  1:08  Drone  
  17  1:11  Extractor  
  17  1:14  Drone  
  18  1:25  Spawning Pool  
  17  1:27  Drone  
  18  1:33  Drone  
  19  1:40  Overlord  
  19  2:09  Drone  
  19  2:10  Drone x2  
  19  2:14  Queen  
  24  2:16  Queen  
  24  2:20  Metabolic Boost  
  26  2:24  Zergling x6  
  29  2:42  Spine Crawler  
  27  2:47  Drone x2  
  27  2:48  Drone x2  
  27  2:50  Overlord  
  32  2:53  Queen  
  34  3:02  Drone x2  
  36  3:09  Drone  
  37  3:14  Drone  
  37  3:16  Drone  
  39  3:21  Overlord  
  39  3:35  Drone x5  
  39  3:39  Extractor  
  39  3:41  Extractor  
  42  3:43  Drone  
  42  3:44  Drone  
  42  3:45  Roach Warren  
  42  3:46  Evolution Chamber  
  42  3:56  Drone x2  
  42  4:00  Drone x2  
  42  4:02  Drone x3  
  49  4:04  Drone  
  49  4:05  Drone  
  51  4:15  Overlord x2  
  51  4:18  Lair  
  51  4:32  Queen  
  51  4:38  Roach x6  
  62  4:48  Roach x3  
  67  5:13  Zerg Missile Weapons Level 1  
  59  5:27  Ravager  
  60  5:32  Hydralisk Den  
  59  5:35  Hatchery  
  58  5:52  Glial Reconstitution  
  58  5:54  Roach x4  
  58  5:55  Roach  
  68  6:02  Hatchery  
  67  6:19  Drone  
  67  6:21  Overlord x4  
  68  6:26  Muscular Augments  
  68  6:40  Overlord x3  
  68  6:41  Hydralisk  
  68  6:42  Hydralisk x4  
  68  6:44  Hydralisk  
  80  6:49  Queen  
  80  6:52  Drone x5  
  80  6:53  Drone x2  
  89  7:02  Infestation Pit  
  88  7:12  Hydralisk  
  88  7:13  Hydralisk  
  88  7:14  Hydralisk  
  94  7:16  Zergling x14  
  101  7:24  Drone x3  
  101  7:26  Spore Crawler  
  94  7:51  Drone, Queen  
  96  7:52  Drone x11  
  108  7:59  Hive  
  108  8:01  Spore Crawler  
  108  8:02  Drone x4  
  108  8:03  Drone x2  
  108  8:05  Drone x5  
  118  8:06  Spore Crawler  
  118  8:10  Overlord  
  109  8:25  Roach x2  
  109  8:26  Roach x5  
  99  8:37  Drone  
  99  8:38  Drone x4  
  104  8:42  Hydralisk x5  
  114  8:56  Overlord x3  
  114  8:59  Zerg Missile Weapons Level 2  
  114  9:04  Extractor  
  114  9:05  Extractor  
  114  9:06  Drone  
  114  9:07  Drone x2  
  115  9:10  Extractor  
  115  9:11  Extractor  
  111  9:23  Hydralisk  
  111  9:24  Hydralisk x5  
  92  9:27  Drone x2  
  92  9:28  Drone x4  
  92  9:30  Overlord x2  
  92  9:31  Overlord  
  106  9:36  Roach x3  
  102  9:51  Hydralisk x4  
  102  9:52  Hydralisk  
  112  9:57  Drone x5  
  112  9:58  Drone x4  
  121  10:03  Roach x3  
  121  10:05  Lair  
  127  10:11  Hydralisk x2  
  127  10:12  Hydralisk  
  133  10:15  Zergling x16  
  139  10:36  Adrenal Glands  
  139  10:38  Hydralisk  
  139  10:39  Hydralisk x4  
  135  10:57  Roach  
  135  10:58  Roach x13  
  149  11:12  Hydralisk x3  
  149  11:13  Hydralisk x2  
  145  11:22  Zergling x2  
  145  11:23  Zergling x24  
  154  11:27  Pathogen Glands  
  154  11:32  Overlord x3, Extractor  
  153  11:37  Hydralisk  
  153  11:38  Hydralisk x4  
  163  11:53  Baneling Nest  
  162  11:54  Hydralisk  
  162  11:55  Hydralisk x5  
  162  11:57  Hydralisk  
  162  12:01  Hatchery  
  175  12:10  Hydralisk x3  
  175  12:11  Hydralisk x2  
  173  12:23  Zergling x18  
  173  12:24  Zergling x10  
  174  12:35  Zergling x2  
  174  12:36  Zergling x16  
Tags
 
Add a new tag
Caveats
  • Supply blocks, unpowered buildings, or Contaminate may cause inaccurate times.
  • Supply counts are checked every 10 seconds.